 Dungeon Crawl Stone Soup version 0.27.0-1-g7a089689b8 (webtiles) character file.

Game seed: 7258026641446579225

4 SnakkuSnakku7 the Sneak (level 1, 0/15 HPs)
             Began as a Vampire Hedge Wizard on Aug 13, 2021.
             Slain by a jackal (3 damage)
             ... on level 1 of the Dungeon.
             The game lasted 00:00:12 (83 turns).

SnakkuSnakku7 the Sneak (Vampire Hedge Wizard)        Turns: 83, Time: 00:00:12

Health: 0/15       AC:  2    Str:  9    XL:     1   Next: 50%
Magic:  4/4        EV: 12    Int: 16    God:
Gold:   0          SH:  0    Dex: 13    Spells: 5/6 levels left

rFire    . . .     SeeInvis +   a - +0 dagger
rCold    . . .     Faith    .   (no shield)
rNeg     . . .     Spirit   .   b - +0 robe
rPois    .         Reflect  .   c - +0 hat
rElec    .         Harm     .   (no cloak)
rCorr    .         Rampage  .   (no gloves)
Will     .....                  (no boots)
Stlth    ++........             (no amulet)
HPRegen  0.25/turn              (no ring)
MPRegen  0.09/turn              (no ring)

@: healing quickly
A: alive, fangs 3, see invisible, vampiric 1
a: Exsanguinate


You were on level 1 of the Dungeon.
You visited 1 branch of the dungeon, and saw 1 of its levels.

Inventory:

Hand Weapons
 a - a +0 dagger (weapon)
Armour
 b - a +0 robe (worn)
 c - a +0 hat (worn)


   Skills:
 + Level 1.0 Fighting
 - Level 2.1 Dodging
 - Level 3.0 Stealth
 - Level 3.0 Spellcasting
 - Level 0.6 Conjurations
 - Level 1.0 Summonings
 - Level 0.7 Translocations


You had 5 spell levels left.
You knew the following spells:

 Your Spells              Type           Power      Damage    Failure   Level
a - Magic Dart            Conj           16%        1d3       14%         1

Your spell library contained the following spells:

 Spells                   Type           Power      Damage    Failure   Level
 Call Imp                 Summ           5%         N/A       19%         2
 Blink                    Tloc           N/A        N/A       22%         2
 Slow                     Hex            2%         N/A       28%         2
 Conjure Flame            Conj/Fire      3%         6-21      45%         3
 Mephitic Cloud           Conj/Pois/Air  3%         N/A       45%         3


Dungeon Overview and Level Annotations

Branches:
Dungeon (1/15)

Altars:


Innate Abilities, Weirdness & Mutations

Your natural rate of healing is accelerated.
You have razor-sharp teeth.
You have supernaturally acute eyesight. (SInv)
You are afflicted with vampirism.


Message History

The hobgoblin is heavily wounded.
The hobgoblin hits you.
You barely miss the hobgoblin.
The hobgoblin is heavily wounded.
The hobgoblin hits you.
You hit the hobgoblin but do no damage.
The hobgoblin is heavily wounded.
The hobgoblin closely misses you.
You closely miss the hobgoblin.
The hobgoblin is heavily wounded.
The hobgoblin barely misses you.
You hit the hobgoblin. You bite the hobgoblin.
You kill the hobgoblin!
Your Fighting skill increases to level 1!
You hit the jackal but do no damage. The jackal barely misses you.
You hit the jackal but do no damage. The jackal closely misses you. x2
You hit the jackal.
The jackal is moderately wounded.
The jackal bites you.
You barely miss the jackal.
The jackal is moderately wounded.
The jackal bites you. The jackal barely misses you.
You miss the jackal.
The jackal is moderately wounded.
The jackal closely misses you.
You barely miss the jackal.
The jackal is moderately wounded.
The jackal bites you but does no damage.
You barely miss the jackal.
The jackal is moderately wounded.
The jackal bites you. The jackal closely misses you.
You hit the jackal but do no damage.
The jackal is moderately wounded.
The jackal closely misses you.
You closely miss the jackal.
The jackal is moderately wounded.
The jackal bites you.
* * * LOW HITPOINT WARNING * * *
The jackal bites you.
You die...

.... ... #. #.. ... ?..
... #.# #.# ##### #.#
#.# #x#n# . #.#
#.#########
..>.#####|####.##..'....
.....hh@..........######
....#####.####.#...#d#V#
. #..# #.#########
##.###.# #.....# #..####
##..# #.... .......


You could see 2 jackals.

Vanquished Creatures
  A hobgoblin (D:1)
  2 jackals (D:1)
3 creatures vanquished.

Notes
Turn   | Place    | Note
-------+----------+-------------------------------------------
     0 | D:1      | SnakkuSnakku7 the Vampire Hedge Wizard began the quest for
                  | the Orb.
     0 | D:1      | Reached XP level 1. HP: 13/13 MP: 4/4
     2 | D:1      | Noticed a formicid
     2 | D:1      | Noticed a human
     4 | D:1      | Noticed an elf
     4 | D:1      | Noticed a gargoyle
     6 | D:1      | Noticed a felid
     8 | D:1      | Noticed a dwarf
     8 | D:1      | Noticed a demonspawn
    10 | D:1      | Noticed a djinni
    10 | D:1      | Noticed a merfolk
    12 | D:1      | Noticed a barachi
    12 | D:1      | Noticed a palentonga
    14 | D:1      | Noticed a troll
    14 | D:1      | Noticed a naga
    16 | D:1      | Noticed a demigod
    18 | D:1      | Noticed a tengu
    18 | D:1      | Noticed an ogre
    20 | D:1      | Noticed a vine stalker
    22 | D:1      | Noticed a spriggan
    22 | D:1      | Noticed a minotaur
    24 | D:1      | Noticed a ghoul
    24 | D:1      | Noticed a vampire
    26 | D:1      | Noticed an octopode
    26 | D:1      | Noticed a draconian
    75 | D:1      | Reached skill level 1 in Fighting
    83 | D:1      | Slain by a jackal

Illustrated notes

Levels and vault maps discovered:
D:1:      kb_arrival_jail, layout_rooms, ebering_ecumenical_altar_rust,
          serial_bayou_pond_a, chequers_serial_rivers_micro_d

Skill      XL: |  1 |
---------------+----+-----
Fighting       | 1 |  1.0
Dodging        | |  2.1
Stealth        | |  3.0
Spellcasting   | |  3.0
Conjurations   | |  0.6
Summonings     | |  1.0
Translocations | |  0.7

Action                   || total
-------------------------++-------
Melee: Dagger            ||    32
       Bite              ||     3
Armor: Robe              ||     3
Dodge: Dodged            ||    20
